 Dungeon Crawl Stone Soup version 0.24-a0-439-g6dd8730 (webtiles) character file.

Game seed: 17441551848619320039

677 CanOfBees the Skirmisher (level 7, -3/112 HPs)
             Began as an Ogre Hunter on June 19, 2019.
             Was an Initiate of Okawaru.
             Slain by a water moccasin (6 damage)
             ... on level 5 of the Dungeon.
             The game lasted 00:11:44 (5737 turns).

CanOfBees the Skirmisher (Ogre Hunter)              Turns: 5737, Time: 00:11:44

Health: -3/112     AC:  5    Str: 27    XL:     7   Next: 60%
Magic:  9/9        EV: 11    Int: 12    God:    Okawaru [......]
Gold:   275        SH:  0    Dex: 10    Spells: 7/9 levels left

rFire    . . .     SeeInvis .   a - +0 war axe (flame)
rCold    + . .     Gourm    .   (no shield)
rNeg     . . .     Faith    .   m - +0 robe
rPois    .         Spirit   .   k - +2 hat
rElec    .         Reflect  .   (no cloak)
rCorr    .         Harm     .   (gloves unavailable)
MR       .....                  (boots unavailable)
Stlth    ..........             s - amulet of magic regeneration
HPRegen  0.28/turn              j - ring of protection from cold
MPRegen  0.36/turn              D - +4 ring of strength

@: berserking (expiring), lethally poisoned (-3 -> -18), very quick
A: large, unfitting armour, tough skin 1
a: Renounce Religion


You were on level 5 of the Dungeon.
You worshipped Okawaru.
Okawaru was noncommittal.
You were not hungry.

You visited 1 branch of the dungeon, and saw 5 of its levels.

You collected 275 gold pieces.

Inventory:

Hand Weapons
 a - a +0 war axe of flaming (weapon)
 b - a +2 dagger of electrocution
 w - a +2 dagger of venom
Missiles
 c - 4 large rocks (quivered)
 d - 2 throwing nets
 e - 51 arrows
 g - 5 poisoned darts
 i - 61 sling bullets
 r - 50 bolts
 t - 98 stones
Armour
 k - a +2 hat (worn)
 m - a +0 robe (worn)
Jewellery
 j - a ring of protection from cold (left hand)
 s - an amulet of magic regeneration (around neck)
 D - a +4 ring of strength (right hand)
Wands
 A - a wand of paralysis (3)
 I - a wand of enslavement (6)
Scrolls
 h - 2 scrolls of blinking
 l - 2 scrolls of remove curse
 p - a scroll of immolation
 v - a scroll of teleportation {unknown}
 y - a scroll of fog {unknown}
 B - a scroll of magic mapping {unknown}
 G - a scroll of amnesia {unknown}
 J - a scroll of fear
 M - a scroll of enchant armour {unknown}
Potions
 n - a potion of haste {unknown}
 o - 4 potions of curing
 q - 2 potions of magic
 u - a potion of agility {unknown}
 z - a potion of mutation {unknown}
 C - 2 potions of berserk rage
 E - a potion of lignification {unknown}
 H - a potion of invisibility {unknown}
 K - 2 potions of cancellation
Comestibles
 f - 11 rations
 x - 3 chunks of flesh


   Skills:
 + Level 6.1 Fighting
 + Level 1.4 Axes
 + Level 5.8 Throwing
 - Level 4.1 Dodging
 - Level 0.6 Stealth
 + Level 1.5 Spellcasting
 + Level 0.6 Summonings
 + Level 1.6 Invocations


You had 7 spell levels left.
You knew the following spells:

 Your Spells              Type           Power        Failure   Level  Hunger
a - Call Imp              Summ           #.......     34%         2    ###....

Your spell library contained the following spells:

 Spells                   Type           Power        Failure   Level  Hunger
 Summon Small Mammal      Summ           #...         22%         1    ##.....
 Call Canine Familiar     Summ           #.......     56%         3    ####...
 Summon Guardian Golem    Hex/Summ       #.......     58%         3    ####...
 Summon Ice Beast         Ice/Summ       #.......     94%         4    #####..
 Summon Lightning Spire   Summ/Air       #.......     94%         4    #####..


Dungeon Overview and Level Annotations

Branches:
Dungeon (5/15)
 Temple: D:4-7

Altars:
Okawaru
Wu Jian

Annotations:
D:5 Dowan, Duvessa


Innate Abilities, Weirdness & Mutations

You are too large for most types of armour.
You have tough skin. (AC +1)


Message History

The water moccasin is heavily wounded.
You feel sick.
The water moccasin bites you but does no damage. x2
You closely miss the water moccasin.
The water moccasin is heavily wounded.
You feel sick. The water moccasin bites you.
* * * LOW HITPOINT WARNING * * *
You are lethally poisoned!
The water moccasin poisons you!
You are too berserk!
You slash the water moccasin! You burn the water moccasin.
The water moccasin is almost dead.
* * * LOW HITPOINT WARNING * * *
You feel sick. The water moccasin barely misses you.
You closely miss the water moccasin.
The water moccasin is almost dead.
* * * LOW HITPOINT WARNING * * *
You feel sick. The water moccasin barely misses you.
The water moccasin bites you.
You die...

.. .# ##.## ..>. ...
.......##....# #.# ## #
............#####.# .# c.
#....§.....(##@S..#####.# #.#
#...........##'##)##....#...#.
#...........#......(..........
#........o..#.......##(....!..
#....(..l...#...<.............
#....# #<###'#)#'#.#........
#....#####o###.#.#.#.......###
#...........##.#.........#.#
#...........##.#)........≈##


You could see a water moccasin.

Vanquished Creatures
  Sigmund (D:3)
  An ogre (D:4)
  A centaur (D:5)
  3 orc priests
  3 orc wizards
  An iguana (D:4)
  A worker ant (D:4)
  3 adders
  A worm (D:2)
  3 dart slugs
  5 leopard geckos
  23 orcs
  3 ball pythons
  7 bats
  4 giant cockroaches
  9 goblins
  6 hobgoblins
  4 jackals (D:2)
  4 quokkas
  6 frilled lizards
  10 kobolds
  A leopard gecko skeleton (D:4)
  A quokka zombie (D:5)
  5 rats
106 creatures vanquished.

Notes
Turn   | Place    | Note
-------+----------+-------------------------------------------
     0 | D:1      | CanOfBees the Ogre Hunter began the quest for the Orb.
     0 | D:1      | Reached XP level 1. HP: 22/22 MP: 1/1
   224 | D:1      | Reached skill level 3 in Fighting
   231 | D:1      | Reached XP level 2. HP: 29/31 MP: 2/2
  1167 | D:2      | Reached XP level 3. HP: 34/37 MP: 3/3
  2241 | D:2      | Reached XP level 4. HP: 45/48 MP: 4/4
  2426 | D:3      | Reached skill level 4 in Fighting
  2543 | D:3      | Noticed Sigmund
  2771 | D:2      | Reached XP level 5. HP: 46/55 MP: 5/5
  3070 | D:3      | Reached skill level 5 in Throwing
  3555 | D:3      | Killed Sigmund
  3555 | D:3      | Reached skill level 5 in Fighting
  3555 | D:3      | Reached XP level 6. HP: 66/66 MP: 6/6
  4109 | D:4      | Found an iron altar of Okawaru.
  4110 | D:4      | Found an ornate altar of the Wu Jian Council.
  4128 | D:4      | Became a worshipper of Warmaster Okawaru
  4344 | D:4      | Reached XP level 7. HP: 50/74 MP: 7/7
  4954 | D:4      | Reached skill level 6 in Fighting
  4954 | D:4      | Reached skill level 1 in Axes
  4954 | D:4      | Reached skill level 1 in Spellcasting
  4954 | D:4      | Reached skill level 1 in Invocations
  5224 | D:4      | Learned a level 2 spell: Call Imp
  5231 | D:5      | Entered Level 5 of the Dungeon
  5289 | D:5      | Noticed Duvessa
  5289 | D:5      | Noticed Dowan
  5735 | D:5      | HP: 5/112 [water moccasin (5)]
  5737 | D:5      | Slain by a water moccasin

Levels and vault maps discovered:
D:1:      minmay_arrival_nine_rooms, layout_rooms, grunt_decor_cap
D:2:      layout_basic, first_ration, kennysheep_generic_room_9
D:3:      layout_basic, uniq_sigmund
D:4:      layout_loops_cross, grunt_temple_overflow_open
D:5:      layout_basic, old_standard_altar,
          minmay_temple_entry_drinking_statues, gup_sewer_entry_pipe,
          water_maze_lemuel, uniq_duvessa, uniq_crazy_yiuf_cottage

Skill      XL: |  1  2  3  4  5  6  7 |
---------------+----------------------+-----
Fighting       | 3 4 5 6 |  6.1
Dodging        | 2 3 4 |  4.1
Throwing       | 5 |  5.8
Axes           | 1 |  1.4
Spellcasting   | 1 |  1.5
Invocations    | 1 |  1.6
Stealth        | |  0.6
Summonings     | |  0.6

Action                   |  1- 3 |  4- 6 |  7- 9 || total
-------------------------+-------+-------+-------++-------
Melee: Short sword       |    28 |       |       ||    28
       Dagger            |    68 |   117 |    12 ||   197
       War axe           |       |       |    28 ||    28
Throw: Dart              |    37 |    12 |    16 ||    65
       Stone             |    33 |    54 |       ||    87
       Large rock        |       |     5 |     3 ||     8
       Throwing net      |       |       |     1 ||     1
Evoke: Wand              |       |       |     1 ||     1
  Use: Scroll            |       |     5 |     4 ||     9
       Potion            |       |       |     1 ||     1
  Eat: Chunk             |     4 |     7 |     4 ||    15
Armor: Robe              |    58 |    31 |    13 ||   102
Dodge: Dodged            |    94 |    54 |    33 ||   181

Table legend:
 A = Non-vault XP
 B = Vault XP
 C = Vault XP percentage of total XP
 D = Non-vault monster count
 E = Vault monster count
 F = Vault count percentage of total count
                 A         B        C        D         E       F
            +---------+---------+-------+---------+---------+-------
      Total |     759 |     209 |  21.6 |     103 |       3 |   2.8
            +---------+---------+-------+---------+---------+-------
        D:1 |      30 |       0 |   0.0 |      18 |       0 |   0.0
        D:2 |      98 |       4 |   3.9 |      30 |       2 |   6.2
        D:3 |     157 |     205 |  56.6 |      27 |       1 |   3.6
        D:4 |     325 |       0 |   0.0 |      23 |       0 |   0.0
        D:5 |     149 |       0 |   0.0 |       5 |       0 |   0.0
            +---------+---------+-------+---------+---------+-------
